 Dungeon Crawl Stone Soup version 0.26-a0-854-gdc81c2f471 (webtiles) character file.

Game seed: 17964516963569788594

63 iamoutofideas the Firebug (level 4, 0/27 HPs)
             Began as an Octopode Fire Elementalist on Nov 23, 2020.
             Succumbed to an adder's poison
             ... on level 2 of the Dungeon.
             The game lasted 00:01:54 (2516 turns).

iamoutofideas the Firebug (OpFE)                    Turns: 2516, Time: 00:01:54

Health: 0/27       AC:  1    Str:  6 (7)  XL:     4   Next: 9%
Magic:  3/7        EV: 13    Int: 17 (18) God:
Gold:   83         SH:  0    Dex:  9 (12) Spells: 6/7 levels left

rFire    . . .     SeeInvis .   (no weapon)
rCold    . . .     Faith    .   (no shield)
rNeg     . . .     Spirit   .   (helmet restricted)
rPois    .         Reflect  .   (no amulet)
rElec    .         Harm     .   (no ring)
rCorr    .         Rampage  .   (no ring)
MR       .....                  (no ring)
Stlth    +++.......             (no ring)
HPRegen  0.09/turn              (no ring)
MPRegen  0.10/turn              (no ring)
                                (no ring)
                                (no ring)

@: brilliant, lethally poisoned (0 -> -5), hasted, very quick
A: almost no armour, stealthy swim, amphibious, 8 rings, constrict 8, camouflage
1, gelatinous body 1
a: no special abilities


You were on level 2 of the Dungeon.
You visited 1 branch of the dungeon, and saw 2 of its levels.

You collected 83 gold pieces.

Inventory:

Hand Weapons
 m - a +1 vampiric short sword
Jewellery
 g - a +4 ring of slaying {unknown}
Scrolls
 a - a scroll of remove curse {unknown}
 b - 2 scrolls of enchant armour {unknown}
 c - 2 scrolls of blinking {unknown}
 f - 2 scrolls of identify {unknown}
 h - 2 scrolls of teleportation {unknown}
 i - a scroll of enchant weapon {unknown}
 j - a scroll of magic mapping {unknown}
 k - a scroll of amnesia {unknown}
Potions
 d - a potion of haste


   Skills:
 - Level 2.3 Dodging
 - Level 2.6 Stealth
 - Level 2.2 Spellcasting
 + Level 2.1 Conjurations
 + Level 4.0 Fire Magic


You had 6 spell levels left.
You knew the following spells:

 Your Spells              Type           Power        Failure   Level
a - Foxfire               Conj/Fire      ###.         5%          1

Your spell library contained the following spells:

 Spells                   Type           Power        Failure   Level
 Conjure Flame            Conj/Fire      ###.....     16%         3
 Inner Flame              Hex/Fire       ##......     26%         3
 Sticky Flame             Conj/Fire      ###.....     47%         4
 Fireball                 Conj/Fire      ###.......   83%         5


Dungeon Overview and Level Annotations

Branches:
Dungeon (2/15)

Altars:


Innate Abilities, Weirdness & Mutations

You cannot wear most types of armour.
You are very stealthy in the water. (Stealth+)
You are amphibious.
You can wear up to eight rings at the same time.
You can use your tentacles to constrict eight enemies at once.
Your skin changes colour to match your surroundings (Stealth+).
Your rubbery body absorbs attacks. (AC +1, EV +1)


Message History

The adder bites you.
* * * LOW HITPOINT WARNING * * *
You are lethally poisoned!
The adder poisons you!
* * * LOW HITPOINT WARNING * * *
You feel sick.
It was a potion of haste.
You feel yourself speed up.
* * * LOW HITPOINT WARNING * * *
You feel sick. The adder barely misses you.
The adder bites you but does no damage.
It was a potion of degeneration.
There was something very wrong with that liquid.
You feel weakened.
You feel dopey.
You feel clumsy. The goblin hits you with a +0 club.
* * * LOW HITPOINT WARNING * * *
It was a potion of brilliance.
You feel clever all of a sudden.
Your magical contamination has completely faded away.
Okay, then.
You die...

...............#.####.#..
.........##.##.#.####...#
....####..#.##.#....).#..
... ##.#.##.#......###
...## #...##.#......'..
...... ##g.##.##.....##÷
......###S.....#.....##.
.........S†....#.....###
.......@.............#
............###...####
..........>.# #...#
............# #§..#
............# #####
######......# ########


You could see 2 adders and a goblin.

Vanquished Creatures
  Natasha (D:2)
  3 dart slugs (D:1)
  3 leopard geckos (D:1)
  A giant cockroach (D:2)
  4 goblins
  3 hobgoblins (D:1)
  2 jackals (D:2)
  2 kobolds (D:2)
  2 bats (D:1)
  A frilled lizard (D:1)
  8 rats
30 creatures vanquished.

Vanquished Creatures (others)
  80 foxfires
80 creatures vanquished.

Grand Total: 110 creatures vanquished

Notes
Turn   | Place    | Note
-------+----------+-------------------------------------------
     0 | D:1      | iamoutofideas the Octopode Fire Elementalist began the
                  | quest for the Orb.
     0 | D:1      | Reached XP level 1. HP: 11/11 MP: 3/3
   230 | D:1      | Reached XP level 2. HP: 17/17 MP: 0/5
   954 | D:1      | Reached XP level 3. HP: 9/21 MP: 0/6
  1145 | D:1      | HP: 1/21 [leopard gecko (3)]
  2431 | D:2      | Noticed Natasha
  2436 | D:2      | Killed Natasha
  2437 | D:2      | Reached skill level 4 in Fire Magic
  2437 | D:2      | Reached XP level 4. HP: 27/27 MP: 2/7
  2513 | D:2      | HP: 1/27 [goblin/+0 club (2)]
  2516 | D:2      | Succumbed to an adder's poison

Illustrated notes

Levels and vault maps discovered:
D:1:      lemuel_arrival_hallway, layout_loops_ring, minmay_cut_off
D:2:      layout_basic, eat_drink_and_be_merry_uskayaw, uniq_natasha

Skill      XL: |  1  2  3 |
---------------+----------+-----
Conjurations   | 2 |  2.1
Fire Magic     | 4 |  4.0
Dodging        | |  2.3
Stealth        | |  2.6
Spellcasting   | |  2.2

Action                   |  1- 3 |  4- 6 || total
-------------------------+-------+-------++-------
Melee: Unarmed           |    23 |       ||    23
       Constrict         |     8 |       ||     8
       Tentacles         |     5 |       ||     5
 Cast: Foxfire           |    66 |     5 ||    71
  Use: Potion            |       |     3 ||     3
 Stab: Sleeping          |     3 |       ||     3
Armor: Skin              |    11 |     1 ||    12
Dodge: Dodged            |    30 |     4 ||    34

Table legend: (Time is in decaauts)
 A = Elapsed time spent in this place.
 B = Non-inter-level travel time spent in this place.
 C = Inter-level travel time spent in this place.
 D = Time resting spent in this place.
 E = Time spent auto-exploring this place.
 F = Levels seen in this place.
 G = Mean time per level.
                   A        B        C        D        E       F      G
               +--------+--------+--------+--------+--------+-----+--------+
         Total |   2514 |   2510 |      4 |   1079 |   1150 |   2 | 1257.0 |
       Dungeon |   2514 |   2510 |      4 |   1079 |   1150 |   2 | 1257.0 |
               +--------+--------+--------+--------+--------+-----+--------+

Top non-repeatable levels by time:
     D:1: 1813 daAuts
     D:2: 701 daAuts
